 Dungeon Crawl Stone Soup version 0.30.1-3-gfc49f6343a (webtiles) character file.

Game seed: 12244135209828258423

68 Atelerd the Digger (level 4, -3/27 HPs)
             Began as an Octopode Earth Elementalist on July 24, 2023.
             Slain by an orc
             ... wielding a +1 hand axe of electrocution
              (7 damage)
             ... on level 3 of the Dungeon.
             The game lasted 00:01:45 (1325 turns).

Atelerd the Digger (Octopode Earth Elementalist)    Turns: 1325, Time: 00:01:46

Health: -3/27      AC:  1    Str:  7    XL:     4   Next: 19%
Magic:  2/8        EV: 13    Int: 17    God:
Gold:   128        SH:  0    Dex: 14    Spells: 8/9 levels left

rFire   . . .        g - +2 dagger (vamp)
rCold   . . .        (no shield)
rNeg    . . .        (helmet restricted)
rPois   .            (no amulet)
rElec   .            (no ring)
rCorr   .            (no ring)
SInv    .            (no ring)
Will    .....        (no ring)
Stlth   ++           (no ring)
HPRegen 0.24/turn    (no ring)
MPRegen 0.11/turn    (no ring)
                     (no ring)

%: no passive effects
@: confused
A: almost no armour, amphibious, 8 rings, camouflage 1, gelatinous body 1,
(nimble swimmer 1), tentacles
a: no special abilities


You were on level 3 of the Dungeon.
You visited 1 branch of the dungeon, and saw 3 of its levels.

You collected 128 gold pieces.

Inventory:

Hand Weapons
 c - a +0 dagger
 g - a +2 vampiric dagger (weapon)
Jewellery
 j - a ring of protection from fire
Scrolls
 e - 2 scrolls of noise
 h - 2 scrolls of immolation
 i - a scroll of amnesia {unknown}
Potions
 a - a potion of magic
 b - 2 potions of might


   Skills:
 - Level 2.0 Dodging
 - Level 3.0 Stealth
 + Level 3.0 Spellcasting
 + Level 1.2 Transmutations
 + Level 3.9 Earth Magic


You had 8 spell levels left.
You knew the following spells:

 Your Spells              Type           Power      Damage    Failure   Level
a - Sandblast             Erth           32%        2d9       3%          1

Your spell library contained the following spells:

 Spells                   Type           Power      Damage    Failure   Level
 Passwall                 Tmut/Erth      9%         N/A       9%          2
 Stone Arrow              Conj/Erth      18%        3d8       22%         3
 Static Discharge         Conj/Air       4%         2-3/arc   26%         2
 Petrify                  Tmut/Erth      11%        N/A       52%         4
 Airstrike                Air            1%         2d(1-17)  86%         4
 Summon Lightning Spire   Summ/Air       2%         N/A       86%         4


Dungeon Overview and Level Annotations

Branches:
Dungeon (3/15)

Altars:

Shops:
D:2 (


Innate Abilities, Weirdness & Mutations

You cannot wear most types of armour.
You are amphibious.
You can wear up to eight rings at the same time.
Your skin changes colour to match your surroundings (Stealth+).
Your rubbery body absorbs attacks. (AC +1, EV +1)
((You are camouflaged when in or above water. (Stealth+)))
You have tentacles for arms and can constrict up to eight enemies at once.


Message History

The orc is almost dead.
The orc hits you with a +0 whip. The orc closely misses you.
The blast of sand hits the orc but does no damage.
The orc is almost dead.
The orc wizard casts a spell.
The orc wizard flickers and vanishes!
Deactivating autopickup; reactivate with Ctrl-A.
The orc hits you with a +0 whip.
The blast of sand hits the orc but does no damage.
The orc is almost dead.
The orc hits you with a +0 whip. x2
* * * LOW HITPOINT WARNING * * *
You are too injured to fight recklessly!
The orc attacks as you move away! The orc barely misses you.
Okay, then.
The orc attacks as you move away! The orc completely misses you.
The orc attacks as you move away! The orc hits you with a +0 whip.
* * * LOW HITPOINT WARNING * * *
Okay, then.
As you read the scroll labelled GEUSEDD FUIPTU, it crumbles to dust.
It is a scroll of identify.
e - 2 scrolls of noise The orc barely misses you.
Okay, then.
As you read the scroll of identify, it crumbles to dust.
d - a potion of curing The worm bites you.
* * * LOW HITPOINT WARNING * * *
You feel better.
You hear some strange, mumbled words.
You are confused.
The orc hits you with a +0 whip!
* * * LOW HITPOINT WARNING * * *
You are too confused!
Okay, then.
A ball python comes into view.
The ball python hisses angrily.
The orc barely misses you.
The orc hits you with a +1 hand axe of electrocution!
You die...

#.######.#####.. #.#
##.#†....... #
#.###...######.#
#.#.##.....## #.#
.#.#..)....####.#######.
o......................
#)#.......#####.######.
#.##.o...######.#
#.###.###w@.....S...#
#.....o{.o...#####..#
#########..#.# #..#
#..#.# #..#
#.##.#####..####.##
#.##..............# #.#
######......... #.#
######.#####.##
#.###...##.#####.#


You could see a worm, 3 orcs and a ball python.

Vanquished Creatures
  2 adders
  A worm (D:2)
  2 dart slugs (D:2)
  An orc (D:3)
  3 bats
  5 endoplasms
  2 giant cockroaches
  A goblin (D:1)
  4 hobgoblins
  6 jackals
  4 kobolds
  2 quokkas
  2 ball pythons
  A frilled lizard (D:3)
  2 rats
38 creatures vanquished.

Notes
Turn   | Place    | Note
-------+----------+-------------------------------------------
     0 | D:1      | Atelerd the Octopode Earth Elementalist began the quest for
                  | the Orb.
     0 | D:1      | Reached XP level 1. HP: 11/11 MP: 3/3
   164 | D:1      | Reached XP level 2. HP: 17/17 MP: 3/5
   567 | D:2      | Found Dustroul's Weapon Emporium.
   571 | D:2      | Reached XP level 3. HP: 21/21 MP: 5/7
   845 | D:2      | Found a faded altar of an unknown god.
  1252 | D:3      | Reached XP level 4. HP: 27/27 MP: 6/8
  1325 | D:3      | Slain by an orc

Illustrated notes

Levels and vault maps discovered:
D:1:      tarquinn_simple_flora_water_e, layout_rooms
D:2:      layout_basic, hellmonk_ecumenical_altar_blasted, serial_shops,
          nicolae_shop_advertising_works [nicolae_subvault_shop_adworks]
D:3:      layout_loops_ring, uniq_jessica

Skill      XL: |  1  2  3  4 |
---------------+-------------+-----
Stealth        | 3 |  3.0
Spellcasting   | 3 |  3.0
Dodging        | |  2.0
Transmutations | |  1.2
Earth Magic    | |  3.9

Action                     |  1- 3 |  4- 6 || total
---------------------------+-------+-------++-------
  Melee: Dagger            |    29 |       ||    29
         Constrict         |    10 |       ||    10
         Unarmed           |     1 |       ||     1
         Tentacles         |     7 |       ||     7
   Cast: Sandblast         |    40 |     9 ||    49
    Use: Scroll            |       |     2 ||     2
         Potion            |       |     1 ||     1
 Armour: Skin              |     2 |       ||     2
  Dodge: Dodged            |    33 |     7 ||    40
